AoeStats
← riskybusiness69

Arena

510427806Analyzed
1v1 RM · 2d ago on Oct 1, 2026· 56m 30s· 2 players
Game mode
Random Map
Map size
Tiny (2 player)
Population
200
Speed
Normal
Resources
Standard
Victory
Conquest
Starting age
Dark Age
Ending age
Imperial Age
RankedLock teamsTeams togetherTeam positionsShared explorationLock speedFull tech treeHidden civsTurbo modeCheats
Victory
Defeat
🇺🇸 Bohemians · United States
490
+18
🇺🇸 Maya · United States
534
-33
Grasshopper
11:26 Feudal Age
11:52 Horse Collar
11:58 Double-Bit Axe
17:17 Castle Age
25:32 Heavy Plow
28:25 Imperial Age
29:50 Town Watch
30:41 Wheelbarrow
30:48 Bow Saw
33:12 Chemistry
32:24 Town Patrol
32:18 Fletching
33:32 Conscription
33:31 Hand Cart
34:21 Two-Man Saw
33:16 Houfnice
35:46 Ballistics
35:39 Siege Engineers
37:08 Ballistics
36:44 Murder Holes
37:00 Masonry
39:59 Architecture
42:35 Loom
42:56 Padded Archer Armor
42:51 Bodkin Arrow
42:57 Scale Mail Armor
43:08 Forging
43:58 Wagenburg Tactics
43:14 Elite Hussite Wagon
48:26 Bracer
48:42 Leather Archer Armor
48:42 Chain Mail Armor
49:02 Iron Casting
52:30 Plate Mail Armor
riskybusiness69
10:58 Feudal Age
12:23 Double-Bit Axe
17:13 Castle Age
16:01 Padded Archer Armor
16:58 Wheelbarrow
16:44 Fletching
18:36 Bow Saw
17:50 Crossbowman
19:24 Bodkin Arrow
19:25 Horse Collar
23:22 Leather Archer Armor
24:16 Wheelbarrow
25:11 Gold Mining
27:03 Ballistics
27:42 Hand Cart
27:46 Scale Mail Armor
29:42 Chain Mail Armor
29:31 Squires
29:31 Loom
29:19 Pikeman
31:01 Stone Mining
35:10 Fortified Wall
35:52 Masonry
35:38 Murder Holes
35:25 Treadmill Crane
38:27 Imperial Age
38:44 Arbalester
38:48 Halberdier
41:22 Chemistry
39:49 Elite Plumed Archer
41:23 Architecture
46:05 Elite Skirmisher
49:05 Ring Archer Armor
50:44 Bracer
50:46 Heavy Scorpion
51:55 Hul'che Javelineers
53:12 Plate Mail Armor
52:25 Sappers
Connection lost

Rejoining the realm…

Still unreachable

The connection could not be restored.

Session expired

The server has moved on; the page needs a fresh start.